 Dungeon Crawl Stone Soup version 0.31-a0-204-g7da18cac08 (webtiles) character file.

Game seed: 13458179370760434982

26 qw the Shooter (level 2, -1/16 HPs)
             Began as a Deep Elf Hunter on June 27, 2023.
             Succumbed to their own poison gas
             ... on level 1 of the Dungeon.
             The game lasted 00:00:17 (897 turns).

qw the Shooter (Deep Elf Hunter)                     Turns: 897, Time: 00:00:17

Health: -1/16      AC:  8    Str:  8    XL:     2   Next: 89%
Magic:  4/4        EV: 15    Int: 13    God:
Gold:   56         SH:  0    Dex: 18    Spells: 1/1 levels left

rFire   + . .        Y - +0 shortbow
rCold   . . .        (shield currently unavailable)
rNeg    . . .        h - +2 ring mail {rF+}
rPois   .            (no helmet)
rElec   .            (no cloak)
rCorr   .            e - +0 pair of gloves
SInv    .            (no boots)
Will    .....        (no amulet)
Stlth   +            i - +5 ring of evasion
HPRegen 0.22/turn    (no ring)
MPRegen 0.09/turn

%: no passive effects
@: lethally poisoned (-1 -> -10), very slow
A: no striking features
a: no special abilities


You were on level 1 of the Dungeon.
You visited 1 branch of the dungeon, and saw 1 of its levels.

You collected 56 gold pieces.


   Skills:
 - Level 1.5 Fighting
 + Level 6.6 Ranged Weapons
 - Level 2.4 Dodging
 - Level 1.2 Stealth


You had one spell level left.
You didn't know any spells.
Your spell library was empty.

Inventory:

Hand Weapons
 Y - a +0 shortbow (weapon)
Armour
 e - a +0 pair of gloves (worn)
 h - a +2 ring mail of fire resistance (worn)
Jewellery
 i - a +5 ring of evasion (left hand)
Potions
 d - a potion of curing {unknown}

Dungeon Overview and Level Annotations

Branches:
Dungeon (1/15)

Altars:


Message History

The air fills with toxic fumes!
As you read the scroll labelled ASIPOB XIAHISS, it crumbles to dust.
It was a scroll of poison.
Partly explored, can't reach some places.
893 ||| READING scroll labelled JOANU OSIXT.
As you read the scroll labelled JOANU OSIXT, it crumbles to dust.
It is a scroll of identify.
Really abort (and waste the scroll)?
Partly explored, can't reach some places.
894 ||| DROPPING scroll of butterflies.
You drop a scroll of butterflies.
You hear a splash.
Partly explored, can't reach some places.
(D) Dungeon
Where to? (* - list waypoints, ? - help)
What level of the Dungeon? (default 1, ? - help) Sorry, I don't know how to get there.
Enter note:
Enter note:
Enter note:
Enter note:
Enter note:
Enter note:
Enter note:
Enter note:
Enter note:
Enter note:
Enter note:
Enter note:
Enter note:
Enter note:
Enter note: Really walk into that cloud of poison gas?
You are engulfed in poison gas.
You are lethally poisoned!
You feel extremely sick.
896 ||| Stepping ~*~*~tactically~*~*~ (cloud).
You feel very sick.
Things that are here:
a scroll of butterflies; a +0 leather armour
There is a lethal amount of poison in your body!
You die...

#...........~~~~....#.# #.# #.
#.#####...¤¤¤0¤¤~...#.# #.# #.
#.# #.###¤¤000....#.###.# #. #.#
#>.¤000¤¤¤..........# #. #^#
#.##¤¤¤0¤¤.####.##########. #%#
#..¤0¤0¤¤0~................ #.#
#####0¤000################. #.#
#¤0¤¤0¤¤¤0####......... #.#
#¤¤¤¤0@¤¤¤00###........ #.#
#######00¤0¤¤¤¤¤### #.......( #.#
#....0¤¤¤¤0¤¤0¤## ##.###...
#.###....¤0¤¤¤¤######### #.# #...
#........¤¤¤¤¤¤....#...###.###...
#####....0¤¤¤##.....#............
#...)¤0¤¤##....##.##.#.##....
#........##....##.##.#.##....
#........##.....#.##.#.##....


There were no monsters in sight!

Vanquished Creatures
  A dart slug (D:1)
  A ball python (D:1)
  An endoplasm (D:1)
  3 goblins (D:1)
  2 hobgoblins (D:1)
  7 jackals (D:1)
  3 bats (D:1)
  2 frilled lizards (D:1)
  A kobold (D:1)
21 creatures vanquished.

Notes
Turn   | Place    | Note
-------+----------+-------------------------------------------
     0 | D:1      | qw the Deep Elf Hunter began the quest for the Orb.
     0 | D:1      | Reached XP level 1. HP: 12/12 MP: 3/3
     0 | D:1      | 0 ||| qw: Version: 0.3-a-22-g0ed2b0b
     0 | D:1      | 0 ||| qw: Game counter: 6630
     0 | D:1      | 0 ||| qw: Melee chars always use a shield: true
     0 | D:1      | 0 ||| qw: God list: Okawaru
     0 | D:1      | 0 ||| qw: Allow faded altars: false
     0 | D:1      | 0 ||| qw: Do Orc after clearing Dungeon:15 true
     0 | D:1      | 0 ||| qw: Do second Lair branch before Depths: true
     0 | D:1      | 0 ||| qw: Lair rune preference: random
     0 | D:1      | 0 ||| qw: Goals: Normal
     0 | D:1      | 0 ||| PLANNING D:1-11
   130 | D:1      | Reached skill level 6 in Ranged Weapons
   130 | D:1      | Reached XP level 2. HP: 16/16 MP: 4/4
   875 | D:1      | 875 ||| UPGRADING to +0 pair of gloves.
   880 | D:1      | 880 ||| UPGRADING to +2 ring mail of fire resistance.
   890 | D:1      | 890 ||| DROPPING +0 leather armour.
   891 | D:1      | 891 ||| UPGRADING to +5 ring of evasion.
   892 | D:1      | 892 ||| READING scroll labelled ASIPOB XIAHISS.
   893 | D:1      | 893 ||| READING scroll labelled JOANU OSIXT.
   894 | D:1      | 894 ||| DROPPING scroll of butterflies.
   896 | D:1      | 896 ||| Stepping ~*~*~tactically~*~*~ (cloud).
   896 | D:1      | HP: 1/16 [poisoned by you (poison gas)]
   897 | D:1      | Succumbed to their own poison gas

Levels and vault maps discovered:
D:1:      minmay_arrival_radiant_lines, layout_basic,
          chequers_serial_rivers_room_b, chequers_serial_rivers_large_a

Skill      XL: |  1 |
---------------+----+-----
Ranged Weapons | 6 |  6.6
Fighting       | |  1.5
Dodging        | |  2.4
Stealth        | |  1.2

Action                     || total
---------------------------++-------
   Fire: Shortbow          ||    59
    Use: Scroll            ||     2
 Armour: Leather armour    ||    12
  Dodge: Dodged            ||    33

Table legend:
 A = Non-vault XP
 B = Vault XP
 C = Vault XP percentage of total XP
 D = Non-vault monster count
 E = Vault monster count
 F = Vault count percentage of total count
                 A         B        C        D         E       F
            +---------+---------+-------+---------+---------+-------
      Total |      38 |       0 |   0.0 |      21 |       0 |   0.0
            +---------+---------+-------+---------+---------+-------
        D:1 |      38 |       0 |   0.0 |      21 |       0 |   0.0
            +---------+---------+-------+---------+---------+-------
